 Dungeon Crawl Stone Soup version 0.25-b1-23-ge2ad7d536c (webtiles) character file.

Game seed: 1530193829263912276, levelgen mode: deterministic

68054 diana the Warrior (level 14, -9/112 HPs)
             Began as a Demonspawn Fighter on June 1, 2020.
             Was a High Priest of Okawaru.
             Mangled by an orc warrior
             ... wielding a +0 mace
             ... led by an orc warlord
              (15 damage)
             ... on level 1 of the Orcish Mines.
             The game lasted 00:41:34 (23227 turns).

diana the Warrior (Demonspawn Fighter)             Turns: 23227, Time: 00:41:36

Health: -9/112     AC: 32    Str: 27    XL:     14   Next: 85%
Magic:  0/10       EV:  5    Int: 10    God:    Okawaru [*****.]
Gold:   1157       SH: 15    Dex: 14    Spells: 13/13 levels left

rFire    + + +     SeeInvis .   a - +0 scimitar (flame)
rCold    x . .     Gourm    .   X - +2 kite shield {rF+}
rNeg     . . .     Faith    .   C - +1 crystal plate armour
rPois    +         Spirit   +   k - +1 helmet
rElec    .         Reflect  .   l - +0 cloak
rCorr    .         Harm     .   M - +1 pair of gloves {Str+3}
MR       ++...                  (no boots)
Stlth    ..........             r - amulet of guardian spirit
HPRegen  0.28/turn              h - ring of poison resistance
MPRegen  0.12/turn              P - ring of Vasagoecyl {Fire +Fly MR+ MP-9 Str+4}

@: very slightly contaminated, hasted, very quick
A: hooves 2, molten scales 3, frail 1, nightstalker 1, spiny 2
a: Heroism, Finesse, Renounce Religion, Evoke Flight


You were on level 1 of the Orcish Mines.
You worshipped Okawaru.
Okawaru was extremely pleased with you.
You were hungry.

You visited 4 branches of the dungeon, and saw 20 of its levels.

You collected 1851 gold pieces.
You spent 694 gold pieces at shops.

Inventory:

Hand Weapons
 a - a +0 scimitar of flaming (weapon)
 L - the +0 long sword of Income {vorpal, +Rage}
   (Okawaru gifted it to you on level 10 of the Dungeon)

   It inflicts extra damage upon your enemies.
   It lets you go berserk.
Missiles
 w - a throwing net (quivered)
Armour
 k - a +1 helmet (worn)
 l - a +0 cloak (worn)
 C - a +1 crystal plate armour (worn)
 M - a +1 pair of gloves of strength (worn)
 X - a +2 kite shield of fire resistance (worn)
Jewellery
 h - a ring of poison resistance (left hand)
 r - an amulet of guardian spirit (around neck)
 P - the ring of Vasagoecyl (right hand) {Fire +Fly MR+ MP-9 Str+4}
   (You found it on level 3 of the Lair of Beasts)

   [ring of fire]

   It enhances your fire magic.
   It affects your strength (+4).
   It protects you from fire.
   It makes you vulnerable to cold.
   It affects your resistance to hostile enchantments.
   It affects your magic capacity (-9).
   It lets you fly.
Wands
 y - a wand of acid (15)
 F - a wand of disintegration (17)
 H - a wand of iceblast (27)
 K - a wand of flame (14)
 S - a wand of digging (5)
Scrolls
 e - 2 scrolls of amnesia
 g - 4 scrolls of fog
 n - 2 scrolls of magic mapping
 o - a scroll of immolation {unknown}
 q - 5 scrolls of teleportation
 s - 6 scrolls of fear
 v - 8 scrolls of remove curse
 z - a scroll of random uselessness {unknown}
 D - a scroll of silence {unknown}
 E - 3 scrolls of blinking
 I - 4 scrolls of enchant armour
 N - a scroll of acquirement {unknown}
 R - 4 scrolls of enchant weapon
Potions
 b - a potion of invisibility {unknown}
 d - 7 potions of might
 i - 4 potions of brilliance
 j - 6 potions of curing
 m - 3 potions of stabbing
 p - 2 potions of cancellation
 t - a potion of berserk rage
 u - 2 potions of haste
 A - 2 potions of flight
 B - 2 potions of mutation
 G - 2 potions of heal wounds
 J - a potion of degeneration {unknown}
 O - 2 potions of lignification
 U - 3 potions of magic {unknown}
Miscellaneous
 T - a tin of tremorstones (3/3)
Comestibles
 f - 42 rations


   Skills:
 * Level 16.0 Fighting
 + Level 11.0 Long Blades
 + Level 11.1 Armour
 + Level 11.1 Shields
 - Level 7.7 Invocations


You had 13 spell levels left.
You didn't know any spells.
Your spell library contained the following spells:

 Spells                   Type           Power        Failure   Level  Hunger
 Animate Skeleton         Necr           N/A          100%        1    ##.....
 Pain                     Necr           #...         100%        1    ##.....
 Confusing Touch          Hex            #.......     100%        3    ####...
 Gell's Gravitas          Tloc           #.........   100%        3    ####...
 Vampiric Draining        Necr           #.........   100%        3    ####...
 Animate Dead             Necr           N/A          100%        4    #####..
 Petrify                  Tmut/Erth      #.......     100%        4    #####..
 Agony                    Necr           #.......     100%        5    ######.
 Metabolic Englaciation   Hex/Ice        #.........   100%        5    ######.
 Yara's Violent Unravell  Hex/Tmut       #.........   100%        5    ######.


Dungeon Overview and Level Annotations

Branches:
Dungeon (11/15)            Temple (1/1) D:6            Lair (6/6) D:10
 Shoals (0/4) Lair:2       Spider (0/4) Lair:2        Slime (0/5) Lair:6
    Orc (2/2) D:11            Elf (0/3) Orc:2

Altars:
Ashenzari
Cheibriados
Dithmenos
Elyvilon
Fedhas
Gozag
Hepliaklqana
Kikubaaqudgha
Makhleb
Nemelex Xobeh
Okawaru
Qazlal
Ru
Sif Muna
Trog
Uskayaw
Vehumet
Wu Jian
Xom
Yredelemnul
Zin
The Shining One
Beogh
Jiyva

Shops:
D:4 *   D:8 [   D:11 *   Orc:1 !   Orc:2 [*!(

Annotations:
D:8 1 runed translucent door, Mordru1's ghost, novice DsAs
Orc:1 Maurice


Innate Abilities, Weirdness & Mutations

You have hoof-like feet.
You are completely covered in molten scales. (AC +4, rF+)
You are slightly more attuned to the shadows.
You are mostly covered in sharp spines.
You are frail. (-10% HP)


Message History

You feel much better.
Your hands slow down.
The warg is struck by your spines. The warg bites you but does no damage.
The orc warrior hits you but does no damage.
The orc warlord hits you but does no damage.
Unknown command.
You feel much better. You block the warg's attack.
The orc warrior hits you with a +0 mace!
The orc warrior barely misses you. The warg is struck by your spines.
The warg bites you but does no damage.
You don't have enough magic at the moment.
Okay, then.
You feel yourself speed up.
The orc warlord hits you with a +1 war axe of electrocution!!
* * * LOW HITPOINT WARNING * * *
You are electrocuted!
* * * LOW HITPOINT WARNING * * *
The orc warrior is struck by your spines.
The orc warrior hits you with a +0 mace!
You die...

#...##
#..........
##.##
#......$... ###
#.........
###..$....# .
#........# ..
......>..# ...
#.......)# ....
###....)∩##o....
#.#...)@ho....
###....oo.....
#.........#.
#.......##
##.#$.....#
...oo....#
####.....#
......o..###
.....##
.o...$....##
#$..##
#.........##
#$........#


You could see an orc warlord, a warg, 2 orc warriors and an orc (strong).

Vanquished Creatures
  A stone giant (Orc:1)
  Erolcha (Orc:1)
  9 hydras
  A catoblepas (Lair:5)
  Erica (D:10)
  An alligator (Lair:6)
  A two-headed ogre (Orc:2)
  Urug (D:11)
  6 death yaks
  3 orc high priests (Orc:2)
  Nergalle (Lair:2)
  5 orc sorcerers
  2 ugly things (D:10)
  4 orc knights (Orc:2)
  2 cyclopes (D:11)
  6 elephants (Lair:6)
  7 black mambas
  Psyche (D:10)
  Joseph (D:8)
  A gargoyle (D:11)
  10 spiny frogs
  2 komodo dragons (Lair:6)
  2 rime drakes (Lair:6)
  A demonic crawler (Lair:2)
  4 trolls
  11 polar bears
  21 blink frogs
  A hornet (D:9)
  3 hippogriffs
  5 dream sheep (Lair:6)
  4 raiju (Lair:6)
  A spriggan (D:11)
  60 yaks
  4 wyverns
  A steam dragon (D:11)
  2 vampire mosquitoes (D:11)
  5 wargs
  4 basilisks (Lair:5)
  8 porcupines
  13 hell hounds (Lair:6)
  17 orc warriors
  12 water moccasins
  3 ice beasts
  2 sky beasts
  2 phantoms
  12 black bears
  A hornet zombie (D:9)
  An eye of draining (D:11)
  6 ogres
  11 centaurs
  28 wolves
  3 crocodiles
  7 big kobolds
  10 bullfrogs
  2 gnoll sergeants (D:11)
  4 scorpions
  14 killer bees
  3 vampire bats (Orc:2)
  12 wights
  9 howler monkeys
  An electric eel (Lair:6)
  2 crimson imps
  4 jellies
  4 bullfrog zombies
  13 orc wizards
  Crazy Yiuf (D:4)
  5 hounds
  17 orc priests
  A gnoll shaman (D:6)
  8 iguanas
  3 centaur skeletons
  14 worker ants
  A hound skeleton (D:10)
  A worker ant zombie (D:10)
  14 gnolls
  10 adders
  A river rat (D:11)
  3 shadow imps
  2 oozes
  An adder skeleton (D:6)
  5 worms
  2 dart slugs
  7 leopard geckos
  37 orcs
  16 bats
  10 giant cockroaches
  10 goblins
  10 hobgoblins
  7 jackals
  21 kobolds
  3 quokkas
  A ball python (D:2)
  4 frilled lizards
  A giant cockroach zombie (D:6)
  2 jackal skeletons
  A quokka skeleton (D:10)
  A quokka zombie (D:6)
  9 rats
  7 plants
636 creatures vanquished.

Vanquished Creatures (others)
  A black bear (Lair:6)
  A bush (Lair:6)
  26 fungi
  28 plants (Lair:6)
56 creatures vanquished.

Grand Total: 692 creatures vanquished

Notes
Turn   | Place    | Note
-------+----------+-------------------------------------------
     0 | D:1      | diana the Demonspawn Fighter began the quest for the Orb.
     0 | D:1      | Reached XP level 1. HP: 18/18 MP: 1/1
   145 | D:1      | Gained mutation: You are partially covered in molten
                  | scales. (AC +2) [demonic ancestry]
   145 | D:1      | Reached XP level 2. HP: 24/24 MP: 2/2
   923 | D:1      | Reached XP level 3. HP: 29/29 MP: 3/3
  1060 | D:2      | Found an opulent altar of Gozag.
  1580 | D:2      | Gained mutation: You are mostly covered in molten scales.
                  | (AC +3) [demonic ancestry]
  1580 | D:2      | Reached XP level 4. HP: 37/37 MP: 4/4
  1913 | D:3      | Reached skill level 4 in Fighting
  2246 | D:3      | Gained mutation: You have large cloven feet. [demonic
                  | ancestry]
  2246 | D:3      | Reached XP level 5. HP: 42/42 MP: 5/5
  2309 | D:3      | Found a snail-covered altar of Cheibriados.
  2755 | D:4      | Found a runed translucent door.
  2756 | D:4      | Noticed Crazy Yiuf
  2877 | D:4      | Gained mutation: You are slightly more attuned to the
                  | shadows. [demonic ancestry]
  2877 | D:4      | Reached XP level 6. HP: 31/50 MP: 3/6
  3132 | D:4      | Reached skill level 5 in Fighting
  3878 | D:4      | Found Fyrem's Assorted Antiques.
  3881 | D:4      | Bought an encrusted ring mail for 162 gold pieces
  3891 | D:4      | Identified the +1 ring mail "Qulok" {rElec rN+++ MR-} (You
                  | bought it in a shop on level 4 of the Dungeon)
  4041 | D:4      | Killed Crazy Yiuf
  4074 | D:5      | Entered Level 5 of the Dungeon
  4203 | D:5      | Found a burning altar of Makhleb.
  4327 | D:5      | Gained mutation: You are partially covered in sharp spines.
                  | [demonic ancestry]
  4327 | D:5      | Reached XP level 7. HP: 55/56 MP: 7/7
  4638 | D:5      | Got a fading plate armour
  4649 | D:5      | Identified the +2 plate armour of Zuulevil {*Contam rN+
                  | Dex+4 Stlth+} (You found it on level 5 of the Dungeon)
  4777 | D:5      | Found an iron altar of Okawaru.
  4849 | D:5      | Became a worshipper of Warmaster Okawaru
  4886 | D:5      | Found a glowing golden altar of the Shining One.
  5085 | D:6      | Reached skill level 6 in Fighting
  5256 | D:6      | Found a staircase to the Ecumenical Temple.
  5264 | Temple   | Entered the Ecumenical Temple
  5607 | D:6      | Reached * piety under Okawaru
  5630 | D:6      | Gained mutation: You have hoof-like feet. [demonic
                  | ancestry]
  5630 | D:6      | Reached XP level 8. HP: 46/65 MP: 8/8
  5946 | D:6      | Reached skill level 7 in Fighting
  6072 | D:6      | Found a glowing golden altar of the Shining One.
  6146 | D:7      | Reached skill level 5 in Armour
  6171 | D:7      | Reached skill level 5 in Shields
  6221 | D:7      | Found a glowing silver altar of Zin.
  6224 | D:7      | Found Zin's Purification Station.
  6239 | D:7      | Bought a potion of curing for 90 gold pieces
  6312 | D:7      | Found a shattered altar of Ashenzari.
  6332 | D:7      | Reached ** piety under Okawaru
  6347 | D:7      | Reached skill level 5 in Long Blades
  6448 | D:7      | Reached skill level 8 in Fighting
  6448 | D:7      | Gained mutation: You are completely covered in molten
                  | scales. (AC +4, rF+) [demonic ancestry]
  6448 | D:7      | Reached XP level 9. HP: 48/74 MP: 9/9
  6722 | D:7      | Found a basalt altar of Yredelemnul.
  6732 | D:7      | Found a blossoming altar of Fedhas.
  6797 | D:7      | Found a stormy altar of Qazlal.
  6926 | D:7      | Found a radiant altar of Vehumet.
  7074 | D:8      | Noticed Joseph
  7090 | D:8      | Killed Joseph
  7121 | D:8      | Found a runed translucent door.
  7122 | D:8      | Noticed Mordru1's ghost (novice DsAs)
  7193 | D:8      | Reached *** piety under Okawaru
  7420 | D:8      | Reached skill level 9 in Fighting
  7712 | D:8      | Found Taggor's Armour Emporium.
  7943 | D:8      | Reached skill level 1 in Invocations
  8431 | D:9      | Reached **** piety under Okawaru
  8480 | D:9      | Noticed a troll
  8483 | D:9      | Reached XP level 10. HP: 60/83 MP: 11/11
  8987 | D:9      | Reached skill level 10 in Fighting
  9246 | D:9      | Found a hazy altar of Hepliaklqana.
  9339 | D:9      | Found a bloodstained altar of Trog.
  9485 | D:10     | Entered Level 10 of the Dungeon
  9519 | D:10     | Reached ***** piety under Okawaru
 10009 | D:10     | Received a gift from Okawaru
 10022 | D:10     | Got a jewelled long sword {god gift}
 10023 | D:10     | Identified the +0 long sword of Income {vorpal, +Rage}
                  | (Okawaru gifted it to you on level 10 of the Dungeon)
 10136 | D:10     | Noticed a red ugly thing
 10143 | D:10     | Killed a red ugly thing
 10143 | D:10     | Reached skill level 5 in Invocations
 10280 | D:10     | Noticed Erica
 10289 | D:10     | Killed Erica
 10289 | D:10     | Reached XP level 11. HP: 92/92 MP: 15/15
 10373 | D:10     | Noticed Psyche
 10387 | D:10     | Killed Psyche
 10508 | D:10     | Reached skill level 11 in Fighting
 10550 | D:10     | Found a staircase to the Lair.
 10640 | Lair:1   | Entered Level 1 of the Lair of Beasts
 10997 | Lair:1   | Noticed a seven-headed hydra
 11004 | Lair:1   | Killed a three-headed hydra
 11004 | Lair:1   | Received a gift from Okawaru
 11828 | Lair:2   | Received a gift from Okawaru
 12314 | Lair:2   | Found a hole to the Spider Nest.
 12336 | Lair:2   | Reached skill level 12 in Fighting
 12504 | Lair:2   | Found a staircase to the Shoals.
 12570 | Lair:2   | Noticed Nergalle
 12588 | Lair:2   | Killed Nergalle
 12588 | Lair:2   | Reached XP level 12. HP: 100/102 MP: 17/17
 12968 | Lair:3   | Noticed a seven-headed hydra
 12972 | Lair:3   | Killed a four-headed hydra
 13303 | Lair:3   | Got a crude marble ring
 13305 | Lair:3   | Identified the ring of Vasagoecyl {Fire +Fly MR+ MP-9
                  | Str+4} (You found it on level 3 of the Lair of Beasts)
 13363 | Lair:3   | Noticed a six-headed hydra
 13371 | Lair:3   | Killed a two-headed hydra
 13416 | Lair:3   | Found a sacrificial altar of Ru.
 13648 | Lair:3   | Noticed a death yak
 13654 | Lair:3   | Killed a death yak
 13656 | Lair:3   | Reached ****** piety under Okawaru
 13656 | Lair:3   | Received a gift from Okawaru
 14165 | Lair:3   | Received a gift from Okawaru
 14175 | Lair:3   | Identified a +0 pair of boots of running (Okawaru gifted it
                  | to you on level 3 of the Lair of Beasts)
 14504 | Lair:4   | Reached skill level 13 in Fighting
 15695 | Lair:5   | Noticed a catoblepas
 15718 | Lair:5   | Killed a catoblepas
 16103 | Lair:5   | Noticed an eight-headed hydra
 16108 | Lair:5   | Killed a six-headed hydra
 16213 | Lair:5   | Gained mutation: You are mostly covered in sharp spines.
                  | [demonic ancestry]
 16213 | Lair:5   | Reached XP level 13. HP: 86/111 MP: 6/18
 16614 | Lair:6   | Entered Level 6 of the Lair of Beasts
 17480 | Lair:6   | Reached skill level 14 in Fighting
 17559 | Lair:6   | Received a gift from Okawaru
 17585 | Lair:6   | Reached skill level 10 in Armour
 17597 | Lair:6   | Reached skill level 10 in Shields
 17836 | Lair:6   | Reached skill level 10 in Long Blades
 18244 | Lair:6   | Reached XP level 14. HP: 104/121 MP: 10/19
 18458 | Lair:6   | Reached skill level 15 in Fighting
 18636 | Lair:6   | Received a gift from Okawaru
 18937 | Lair:6   | Found a staircase to the Slime Pits.
 18948 | Lair:6   | Found a viscous altar of Jiyva.
 19833 | D:11     | Noticed Urug
 19850 | D:11     | Killed Urug
 20181 | D:11     | Found a staircase to the Orcish Mines.
 20922 | D:11     | Found Aleleel's General Store.
 20927 | D:11     | Got a jewelled scale mail
 21219 | Orc:1    | Entered Level 1 of the Orcish Mines
 21219 | Orc:1    | Noticed Maurice
 21223 | Orc:1    | Noticed Erolcha
 21230 | Orc:1    | Killed Erolcha
 21361 | Orc:1    | Noticed a stone giant
 21376 | Orc:1    | Killed a stone giant
 21667 | Orc:2    | Entered Level 2 of the Orcish Mines
 21667 | Orc:2    | Found a staircase to the Elven Halls.
 21718 | Orc:2    | Found a roughly hewn altar of Beogh.
 22216 | Orc:2    | Found Hetekho's Weapon Shoppe.
 22277 | Orc:2    | Received a gift from Okawaru
 22754 | Orc:2    | Paralysed by an orc sorcerer for 2 turns
 22905 | Orc:2    | Found Aghaol's Distillery.
 23036 | Orc:2    | Identified the cursed +1 scale mail "Fairuvau" {-Tele
                  | Int+7} (You found it on level 11 of the Dungeon)
 23051 | Orc:2    | Gained mutation: You are frail. (-10% HP) [mutagenic glow]
 23058 | Orc:2    | Bought a potion of heal wounds for 85 gold pieces
 23058 | Orc:2    | Bought a potion of mutation for 136 gold pieces
 23058 | Orc:2    | Bought a potion of berserk rage for 85 gold pieces
 23058 | Orc:2    | Bought a potion of cancellation for 136 gold pieces
 23061 | Orc:2    | Found Lesasute's Antique Armour Shoppe.
 23062 | Orc:2    | Found Ommuyluq's Assorted Antiques.
 23104 | Orc:2    | Reached skill level 16 in Fighting
 23158 | Orc:1    | Found Puk Cupn's Distillery.
 23186 | Orc:1    | Noticed an orc warlord
 23224 | Orc:1    | HP: 3/112 [orc warrior/+0 mace[an orc warlord] (17)]
 23227 | Orc:1    | Mangled by an orc warrior

Illustrated notes

Levels and vault maps discovered:
D:1:      minmay_arrival_loop, layout_basic
D:2:      layout_loops_ring, minmay_misc_feat_four_crosses,
          nicolae_gozag_seed_capital
D:3:      layout_rooms, lemuel_crystal_altar
D:4:      layout_basic, serial_shops, kennysheep_mini, uniq_crazy_yiuf_cottage
D:5:      cheibrodos_thug_alley, layout_cave_pools,
          lemuel_coloured_pillars_altar, makhleb_blood_cavern_becter,
          lemuel_crystal_altar, first_ration
D:6:      layout_cave_pools, minmay_temple_entry_waves, tso_altar
D:7:      layout_loops_ring, nicolae_qazlal_style_of_elements, zin_purify,
          kennysheep_mini_moat, gammafunk_temple_overflow_forgotten
D:8:      layout_basic, serial_shops, shop, gammafunk_ghost_grave, uniq_joseph
D:9:      layout_irregular_city, lemuel_crystal_altar, marbit_many_paths
D:10:     layout_roguey, lair_entry_dummy, uniq_psyche, uniq_erica
D:11:     layout_layer_cave, kennysheep_orc_monster_closet_entryway,
          serial_shops, nicolae_shop_temple_entry_statues_fountains,
          grunt_pizzeria, pond, uniq_urug
Temple:   jpeg_temple_alley_garden
Lair:1:   layout_roguey
Lair:2:   layout_cave_pods, elwin_shoals_entry_rocks,
          nicolae_spider_entry_non_spiders, st_stairs_10,
          infiniplex_staircase_pool_2, uniq_nergalle
Lair:3:   wad_woods_structure_01, layout_gridlike, basic_altar
Lair:4:   layout_regular_city, lemuel_fruit_tree
Lair:5:   layout_regular_city, kennysheep_basilisk_garden
Lair:6:   hangedman_lair_caniforms_friends, layout_cave_pods, slime_altar_1,
          lookout_lair_type
Orc:1:    layout_diamond_mine, serial_shops, shop, uniq_erolcha, uniq_maurice
Orc:2:    st_orc_elflike, layout_diamond_mine, basic_altar, roderic_batcave

Skill      XL: |  1  2  3  4  5  6  7  8  9 10 11 12 13 14 |
---------------+-------------------------------------------+-----
Long Blades    | 2 3 4 5 6 7 8 9 10 11 | 11.0
Armour         | 3 4 5 6 7 8 9 10 11 | 11.1
Shields        | 3 4 5 6 7 8 9 10 11 | 11.1
Fighting       | 4 5 6 8 9 10 12 13 14 16 | 16.0
Invocations    | 2 5 7 |  7.7

Action                   |  1- 3 |  4- 6 |  7- 9 | 10-12 | 13-15 || total
-------------------------+-------+-------+-------+-------+-------++-------
Melee: Long sword        |   134 |   248 |   322 |   257 |       ||   961
       Kick              |       |    13 |   101 |   336 |   402 ||   852
       Scimitar          |       |       |       |   418 |   793 ||  1211
Invok: Heroism           |       |       |     4 |     8 |    14 ||    26
       Finesse           |       |       |       |     1 |     5 ||     6
Evoke: Tin of tremorston |       |       |       |       |     1 ||     1
  Use: Potion            |       |     2 |       |       |     3 ||     5
       Scroll            |       |       |       |    10 |     9 ||    19
 Stab: Sleeping          |       |     1 |       |       |       ||     1
       Petrified         |       |       |       |     4 |       ||     4
  Eat: Chunk             |     2 |    10 |    13 |    21 |    17 ||    63
       Ration            |       |       |       |     1 |     2 ||     3
Armor: Scale mail        |    59 |   115 |       |       |       ||   174
       Ring mail         |       |    16 |     9 |       |       ||    25
       Plate armour      |       |       |   193 |   382 |   444 ||  1019
       Crystal plate arm |       |       |       |       |    18 ||    18
Dodge: Dodged            |    44 |    92 |    61 |   121 |   187 ||   505
Block: Kite shield       |    59 |   156 |   188 |   441 |   564 ||  1408
       Rpst.: Long sword |    14 |    28 |    20 |    11 |       ||    73
       Scimitar          |       |       |       |    21 |    33 ||    54
